 Dungeon Crawl Stone Soup version 0.29.1-15-g9cfb28693d (webtiles) character file.

Game seed: 10566800714090753588

315 joshe the Shooter (level 6, -1/30 HPs)
             Began as a Spriggan Hunter on Mar 19, 2023.
             Slain by Blork the orc
             ... wielding a +0 flail
              (11 damage)
             ... on level 4 of the Dungeon.
             The game lasted 00:11:38 (2948 turns).

joshe the Shooter (Spriggan Hunter)                 Turns: 2948, Time: 00:11:40

Health: -1/30      AC:  2    Str:  7    XL:     6   Next: 19%
Magic:  7/7        EV: 15    Int: 11    God:
Gold:   186        SH:  0    Dex: 20    Spells: 5/5 levels left

rFire   . . .      SeeInvis +   a - +0 shortbow
rCold   . . .      Faith    .   (shield currently unavailable)
rNeg    . . .      Spirit   .   c - +0 robe
rPois   .          Reflect  .   (helmet restricted)
rElec   .          Harm     .   (no cloak)
rCorr   .          Rampage  .   (gloves unavailable)
Will    +....                   (boots unavailable)
Stlth   +++.......              (no amulet)
HPRegen 0.10/turn               (no ring)
MPRegen 0.10/turn               (no ring)

@: about to teleport, constricted, very quick
A: very small, no large weapons, unfitting armour, see invisible, speed 3
a: no special abilities


You were on level 4 of the Dungeon.
You visited 1 branch of the dungeon, and saw 4 of its levels.

You collected 186 gold pieces.

Inventory:

Hand Weapons
 a - a +0 shortbow (weapon)
 r - a +0 dagger
Armour
 c - a +0 robe (worn)
Jewellery
 i - the amulet of the Nine Friars {Faith Int+6}
   (You found it on level 2 of the Dungeon)

   [amulet of faith]

   It allows you to gain divine favour quickly.
   Int:       It affects your intelligence (+6).
 p - an amulet of magic regeneration
Scrolls
 b - 2 scrolls of immolation
 d - a scroll of teleportation
 e - a scroll of blinking {unknown}
 h - a scroll of noise {unknown}
 j - a scroll of magic mapping {unknown}
 k - a scroll of identify {unknown}
 o - a scroll of acquirement {unknown}
 t - a scroll of butterflies {unknown}
Potions
 f - 2 potions of heal wounds {unknown}
 g - 2 potions of lignification {unknown}
 l - a potion of resistance {unknown}
 m - a potion of mutation {unknown}
 n - 4 potions of brilliance {unknown}
 q - a potion of cancellation {unknown}
 s - a potion of might {unknown}


   Skills:
 - Level 1.5 Fighting
 - Level 2.0 Short Blades
 + Level 6.5 Ranged Weapons
 - Level 2.6 Dodging
 - Level 5.0 Stealth


You had 5 spell levels left.
You didn't know any spells.
Your spell library was empty.

Dungeon Overview and Level Annotations

Branches:
Dungeon (4/15)
 Temple: D:4-7

Altars:
Ru
Uskayaw

Annotations:
D:3 1 runed translucent door, Crazy Yiuf
D:4 Blork the orc


Innate Abilities, Weirdness & Mutations

You are very small and have problems with some larger weapons.
You are too small for most types of armour.
You have supernaturally acute eyesight. (SInv)
You cover ground extremely quickly. (Speed+++)


Message History

The ball python bites you. The ball python closely misses you.
Blork the orc misses you.
You shoot an arrow. The arrow hits Blork the orc!
Blork the orc is moderately wounded.
The ball python closely misses you. The ball python misses you.
Blork the orc casts a spell at you. The puff of flame hits you.
The ball python closely misses you. x2
As you read the scroll of teleportation, it crumbles to dust.
You feel strangely unstable.
Blork the orc points at you and mumbles some strange words.
The puff of frost hits you! The ball python barely misses you. x2
You are too injured to fight recklessly!
Unknown command.
Fire: a) +0 shortbow
Press: ? - help, Q - select action Shift-Dir - straight line, f/p - Blork the orc
Aim: Blork the orc, wielding a +0 flail and wearing a +2 robe of the Archmagi (moderately wounded, 69% to hit)
You shoot an arrow. The arrow barely misses Blork the orc.
The arrow hits the adder.
The adder is moderately wounded.
Blork the orc misses you. The ball python completely misses you.
The ball python misses you.
Fire: a) +0 shortbow
Press: ? - help, Q - select action Shift-Dir - straight line, f/p - Blork the orc
Aim: Blork the orc, wielding a +0 flail and wearing a +2 robe of the Archmagi (moderately wounded, 69% to hit)
You shoot an arrow. The arrow hits Blork the orc.
Blork the orc is heavily wounded.
The ball python barely misses you. x2
Blork the orc screams, "You are the ugliest creature I've ever seen!"
Blork the orc closely misses you.
Fire: a) +0 shortbow
Press: ? - help, Q - select action Shift-Dir - straight line, f/p - Blork the orc
Aim: Blork the orc, wielding a +0 flail and wearing a +2 robe of the Archmagi (heavily wounded, 69% to hit)
You shoot an arrow.
The arrow hits Blork the orc but does no damage.
Blork the orc is heavily wounded.
The ball python misses you. The ball python grabs you.
The ball python constricts you. Blork the orc hits you with a +0 flail.
The ball python bites you but does no damage.
The ball python constricts you. Blork the orc hits you with a +0 flail!
You die...

#g#.#
...........
#.#..##.###
## #.#..#
.# ..#..#
.# ###..#
.# # #..#
.# ...#
#.####S#
#..So@.# ..
#.###### ..
.. .# .# .#
)# <#


You could see Blork the orc, an adder and a ball python.

Vanquished Creatures
  A black bear (D:3)
  A bullfrog (D:4)
  Natasha (D:4)
  An iguana (D:4)
  2 adders
  A worm (D:2)
  6 dart slugs
  7 orcs
  8 bats
  7 endoplasms
  2 giant cockroaches
  8 goblins
  6 hobgoblins
  2 quokkas (D:2)
  2 ball pythons
  6 kobolds
  8 rats
69 creatures vanquished.

Notes
Turn   | Place    | Note
-------+----------+-------------------------------------------
     0 | D:1      | joshe the Spriggan Hunter began the quest for the Orb.
     0 | D:1      | Reached XP level 1. HP: 10/10 MP: 2/2
    41 | D:1      | Found a faded altar of an unknown god.
    41 | D:1      | Noticed a red devil
    99 | D:1      | Reached XP level 2. HP: 14/14 MP: 3/3
   336 | D:1      | Reached skill level 5 in Ranged Weapons
   365 | D:1      | Reached XP level 3. HP: 18/18 MP: 4/4
   616 | D:2      | Found a hide-covered altar of Uskayaw.
   906 | D:2      | Reached XP level 4. HP: 22/22 MP: 5/5
  1086 | D:2      | Identified the amulet of the Nine Friars {Faith Int+6}
  1381 | D:3      | Found a sacrificial altar of Ru.
  1785 | D:3      | Noticed a black bear
  1938 | D:3      | Found a runed translucent door.
  1939 | D:3      | Noticed Crazy Yiuf
  2340 | D:3      | Killed a black bear
  2341 | D:3      | Reached skill level 1 in Short Blades
  2341 | D:3      | Reached skill level 6 in Ranged Weapons
  2341 | D:3      | Reached XP level 5. HP: 25/25 MP: 6/6
  2560 | D:4      | Reached XP level 6. HP: 24/30 MP: 7/7
  2644 | D:4      | Noticed Natasha
  2803 | D:4      | Killed Natasha
  2804 | D:4      | Reached skill level 5 in Stealth
  2941 | D:4      | Noticed Blork the orc
  2948 | D:4      | Slain by Blork the orc

Illustrated notes

Levels and vault maps discovered:
D:1:      shiori_arrival_elements, layout_rooms,
          dreamdust_ecumenical_altar_sealed_demon, minmay_misc_feat_pillars,
          minmay_3d_cube
D:2:      layout_rooms, basic_altar, kennysheep_path_1, minmay_split_cup_large
D:3:      layout_loops_cross, nicolae_ru_sacrificial_ziggurat,
          uniq_crazy_yiuf_cottage
D:4:      layout_loops_ring, lemuel_round_altar, serial_shops,
          nicolae_shop_advertising_works [nicolae_subvault_shop_adworks],
          chequers_garden, uniq_blork_the_orc, uniq_edmund, uniq_natasha

Skill      XL: |  1  2  3  4  5  6 |
---------------+-------------------+-----
Ranged Weapons | 5 6 |  6.5
Stealth        | 3 4 5 |  5.0
Short Blades   | 1 2 |  2.0
Fighting       | |  1.5
Dodging        | |  2.6

Action                   |  1- 3 |  4- 6 || total
-------------------------+-------+-------++-------
Melee: Dagger            |       |     1 ||     1
 Fire: Shortbow          |   101 |   122 ||   223
  Use: Scroll            |       |     2 ||     2
Armor: Robe              |     2 |     2 ||     4
Dodge: Dodged            |    33 |    48 ||    81
